 Dungeon Crawl Stone Soup version 0.31-a0-1300-gb6740aa4e6 (webtiles) character file.

Game seed: 15404981453990714372

33 bmb222 the Ruffian (level 3, -1/22 (28) HPs)
             Began as a Gnoll Shapeshifter on Dec 18, 2023.
             Slain by an adder (3 damage)
             ... on level 2 of the Dungeon.
             The game lasted 00:00:28 (947 turns).

bmb222 the Ruffian (Gnoll Shapeshifter)              Turns: 947, Time: 00:00:29

HP:   -1/22 (28)    AC:  2    Str: 15    XL:     3   Next: 29%
MP:   4/4           EV: 13    Int:  9    God:
Gold: 55            SH:  0    Dex: 11    Spells: 3/3 levels left

rFire   . .          .
                       - Unarmed
rCold   . . .        (no shield)
rNeg    . . .        a - +0 animal skin
rPois   .            (helmet currently unavailable)
rElec   .            (cloak currently unavailable)
rCorr   .            (gloves currently unavailable)
SInv    .            (boots currently unavailable)
Will    .....        (no amulet)
Stlth   +            (no ring)
HPRegen 0.23/turn    (no ring)
MPRegen 0.09/turn

%: no passive effects
@: beast-form, heavily drained
A: beast (slay +3), fangs 1, strong nose, distributed training
a: Begin Untransformation


You were on level 2 of the Dungeon.
You were a hulking beast.
You visited 1 branch of the dungeon, and saw 2 of its levels.

You collected 55 gold pieces.

Inventory:

Armour
 a - a +0 animal skin (worn)
Talismans
 c - a beast talisman
 d - a flux talisman
Scrolls
 h - a scroll of identify {unknown}
 i - 2 scrolls of acquirement {unknown}
Potions
 b - a potion of lignification
 e - a potion of curing {unknown}
 f - a potion of magic {unknown}
 g - a potion of might {unknown}


   Skills:
 + Level 2.6 Fighting
 + Level 0.7 Short Blades
 + Level 0.7 Long Blades
 + Level 0.7 Axes
 + Level 0.7 Maces & Flails
 + Level 0.7 Polearms
 + Level 0.7 Staves
 + Level 0.7 Ranged Weapons
 + Level 0.7 Throwing
 + Level 0.7 Armour
 + Level 4.5 Dodging
 + Level 0.7 Stealth
 + Level 0.7 Shields
 + Level 6.5 Unarmed Combat
 + Level 0.7 Spellcasting
 + Level 0.5 Conjurations
 + Level 0.5 Hexes
 + Level 0.5 Summonings
 + Level 0.5 Necromancy
 + Level 0.5 Translocations
 + Level 0.5 Transmutations
 + Level 0.5 Fire Magic
 + Level 0.5 Ice Magic
 + Level 0.5 Air Magic
 + Level 0.5 Earth Magic
 + Level 0.5 Poison Magic
 + Level 0.9 Invocations
 + Level 0.7 Evocations
 + Level 6.5 Shapeshifting


You had 3 spell levels left.
You didn't know any spells.
Your spell library contained the following spells:

 Spells                   Type           Power      Damage    Failure   Level
 Volatile Blastmotes      Fire/Tloc      2%         2d10      67%         3
 Fulminant Prism          Conj/Hex       0%         3d5       97%         4
 Iskenderun's Mystic Bla  Conj/Tloc      1%         2d3       97%         4


Dungeon Overview and Level Annotations

Branches:
Dungeon (2/15)

Altars:

Annotations:
D:2 Jessica, Terence


Innate Abilities, Weirdness & Mutations

You are a hulking beast.
Your limbs bulge with bestial killing power. (Slay +3)
You have very sharp teeth.
Your uncanny sense of smell can sniff out nearby items.
Your experience applies equally to all skills.


Message History

There are monsters nearby!
An adder comes into view.
There are monsters nearby!
Found 11 gold pieces.
The rat closely misses you.
Jessica the Apprentice Sorceress comes into view.
She is wielding a +0 dagger.
There are monsters nearby!
Jessica shouts!
The adder hisses angrily.
You hit the rat.
You kill the rat!
Jessica casts a spell.
Jessica blinks!
You hit Terence but do no damage.
Terence hits you with a +2 short sword of draining.
You feel drained.
You hit Terence but do no damage.
Terence hits you with a +2 short sword of draining.
You feel drained.
Jessica gestures wildly.
Jessica casts a spell.
Jessica seems to speed up.
The adder closely misses you.
You hit the adder.
The adder is severely wounded.
Terence hits you with a +2 short sword of draining.
You feel drained. The adder misses you.
Jessica mumbles some strange words.
Jessica blinks!
The adder attacks as it pursues you! The adder closely misses you.
Terence attacks as he pursues you!
Terence hits you with a +2 short sword of draining.
You feel drained.
Jessica mumbles some strange words.
Jessica blinks!
The adder bites you.
There is a stone staircase leading up here.
Jessica gestures wildly while chanting.
Jessica blinks!
The adder misses you.
Terence hits you with a +2 short sword of draining.
* * * LOW HITPOINT WARNING * * *
You feel drained.
* * * LOW HITPOINT WARNING * * *
The adder bites you.
You die...

$# #### .#
#...####.####.
#.............
#...†.........
#.............
#...h@........
#....S.....@..
#......†......
#.......§.....
#.............
##............
##...........
#.......#.#.
...........


You could see Terence, an adder and Jessica (fast).

Vanquished Creatures
  A gnoll (D:1)
  A dart slug (D:1)
  2 ball pythons (D:1)
  4 endoplasms (D:1)
  3 goblins (D:1)
  2 hobgoblins (D:1)
  A quokka (D:2)
  3 kobolds (D:1)
  2 rats
19 creatures vanquished.

Notes
Turn   | Place    | Note
-------+----------+-------------------------------------------
     0 | D:1      | bmb222 the Gnoll Shapeshifter began the quest for the Orb.
     0 | D:1      | Reached XP level 1. HP: 17/17 MP: 1/1
    26 | D:1      | Reached XP level 2. HP: 17/23 MP: 2/2
   255 | D:1      | Reached XP level 3. HP: 11/28 MP: 3/3
   936 | D:2      | Noticed Terence
   940 | D:2      | Noticed Jessica
   947 | D:2      | Slain by an adder

Illustrated notes

Levels and vault maps discovered:
D:1:      mrwooster_arrival_statue_3, layout_basic,
          nicolae_kite_square_tiling_tiny
D:2:      layout_rooms, basic_altar, minmay_3d_cube, uniq_terence, uniq_jessica

Action                     || total
---------------------------++-------
  Melee: Unarmed           ||    39
         Bite              ||     2
 Armour: Animal skin       ||    18
  Dodge: Dodged            ||    22

Table legend: (Time is in decaauts)
 A = Elapsed time spent in this place.
 B = Non-inter-level travel time spent in this place.
 C = Inter-level travel time spent in this place.
 D = Time resting spent in this place.
 E = Time spent auto-exploring this place.
 F = Levels seen in this place.
 G = Mean time per level.
                   A        B        C        D        E       F      G
               +--------+--------+--------+--------+--------+-----+--------+
         Total |    942 |    929 |     13 |      0 |    832 |   2 |  471.0 |
       Dungeon |    942 |    929 |     13 |      0 |    832 |   2 |  471.0 |
               +--------+--------+--------+--------+--------+-----+--------+

Top non-repeatable levels by time:
     D:1: 932 daAuts
     D:2: 10 daAuts
